 Dungeon Crawl Stone Soup version 0.24.0-1-gfbc8707 (webtiles) character file.

Game seed: 5502358440879149288, levelgen mode: deterministic

44 TheGoonsmith the Shield-Bearer (level 3, -2/30 HPs)
             Began as a Formicid Fighter on Nov 2, 2019.
             Slain by Natasha (7 damage)
             ... on level 1 of the Dungeon.
             The game lasted 00:01:44 (801 turns).

TheGoonsmith the Shield-Bearer (Formicid Fighter)    Turns: 801, Time: 00:01:44

Health: -2/30      AC:  6    Str: 21    XL:     3   Next: 85%
Magic:  3/3        EV:  8    Int:  7    God:
Gold:   75         SH:  9    Dex: 10    Spells: 2/2 levels left

rFire    . . .     SeeInvis +   a - +0 war axe
rCold    . . .     Gourm    .   c - +0 shield
rNeg     . . .     Faith    .   b - +0 scale mail
rPois    .         Spirit   .   (helmet unavailable)
rElec    .         Reflect  .   (no cloak)
rCorr    .         Harm     .   (no gloves)
MR       .....                  (no boots)
Stlth    ..........             (no amulet)
HPRegen  0.10/turn              (no ring)
MPRegen  0.08/turn              (no ring)

@: no status effects
A: permanent stasis, dig shafts and tunnels, four strong arms, antennae 3
a: Dig, Shaft Self


You were on level 1 of the Dungeon.
You were not hungry.

You visited 1 branch of the dungeon, and saw 2 of its levels.

You collected 75 gold pieces.

Inventory:

Hand Weapons
 a - a +0 war axe (weapon)
Missiles
 g - 11 bolts
Armour
 b - a +0 scale mail (worn)
 c - a +0 shield (worn)
Jewellery
 e - an uncursed ring of protection from magic {unknown}
Scrolls
 h - a scroll of fear {unknown}
 i - a scroll of enchant weapon {unknown}
 k - 2 scrolls of magic mapping {unknown}
 o - a scroll of identify {unknown}
Potions
 d - a potion of might
 j - 3 potions of brilliance {unknown}
 m - 2 potions of heal wounds {unknown}
 n - a potion of curing {unknown}
Comestibles
 f - 4 rations
 l - 3 chunks of flesh


   Skills:
 + Level 3.6 Fighting
 * Level 2.8 Axes
 + Level 3.6 Armour
 + Level 4.1 Shields


You had 2 spell levels left.
You didn't know any spells.
Your spell library was empty.

Dungeon Overview and Level Annotations

Branches:
Dungeon (2/15)

Altars:

Annotations:
D:1 Natasha


Innate Abilities, Weirdness & Mutations

You cannot be hasted, slowed, berserked, paralysed or teleported.
You can dig through walls and to a lower floor.
Your four strong arms can wield two-handed weapons with a shield.
You have a pair of large antennae on your head. (SInv)


Message History

The white imp gestures at you. The puff of frost hits you.
Okay, then.
The white imp disappears in a puff of smoke!
A kobold comes into view.
You block the adder's attack.
There is a stone staircase leading up here.
Natasha claws you!
* * * LOW HITPOINT WARNING * * *
You block the adder's attack.
You climb upwards.
There is a stone staircase leading down here.
Your shield and scale mail prevent you from hitting the adder.
You hit Natasha. The adder bites you but does no damage.
Natasha claws you but does no damage. You block the adder's attack.
Natasha claws you.
* * * LOW HITPOINT WARNING * * *
You closely miss the adder. You closely miss Natasha.
You block the adder's attack. Natasha claws you!
You die...

..# ###.........#
..######...........#
.......#...........#
######.#...........#
....##.######....).#
≈≈P)##.#######.#+###
≈≈≈..#......##...#
≈≈≈.........###h.#
≈≈P.##......# #S@#
....##......# ####
≈≈P.##......#
≈≈≈.##......#
≈≈≈.##.######
≈≈P..#.# .......#
######.# .......#


You could see Natasha and an adder.

Vanquished Creatures
  A worm (D:2)
  A leopard gecko (D:1)
  4 bats (D:1)
  6 giant cockroaches (D:1)
  6 goblins
  4 jackals (D:2)
  4 kobolds
  A quokka (D:2)
  2 ball pythons
  A frilled lizard (D:2)
  4 rats (D:1)
34 creatures vanquished.

Notes
Turn   | Place    | Note
-------+----------+-------------------------------------------
     0 | D:1      | TheGoonsmith the Formicid Fighter began the quest for the
                  | Orb.
     0 | D:1      | Reached XP level 1. HP: 18/18 MP: 1/1
    81 | D:1      | Reached XP level 2. HP: 24/24 MP: 2/2
   370 | D:1      | Reached XP level 3. HP: 29/29 MP: 3/3
   606 | D:2      | Reached skill level 4 in Shields
   787 | D:2      | Noticed Natasha
   801 | D:1      | Slain by Natasha

Levels and vault maps discovered:
D:1:      giann_bridges, layout_basic, minmay_tiny_reverse_x
D:2:      layout_loops_ring, uniq_natasha

Skill      XL: |  1  2  3 |
---------------+----------+-----
Shields        | 4 |  4.1
Fighting       | |  3.6
Axes           | |  2.8
Armour         | |  3.6

Action                   || total
-------------------------++-------
Melee: War axe           ||   116
Armor: Scale mail        ||    56
Dodge: Dodged            ||    47
Block: Shield            ||    67
